 Dungeon Crawl Stone Soup version 0.22-a0-596-gfbd32a6 (webtiles) character file.

7879 royokou the Nimble (level 11, -6/47 HPs)
             Began as a Spriggan Conjurer on July 5, 2018.
             Was a Believer of Vehumet.
             Killed from afar by an electric eel (13 damage)
             ... with a bolt of electricity
             ... on level 2 of the Lair of Beasts on July 6, 2018.
             The game lasted 00:59:53 (13403 turns).

royokou the Nimble (Spriggan Conjurer)             Turns: 13403, Time: 00:59:54

Health: -6/47      AC:  4    Str:  6    XL:     11   Next: 2%
Magic:  36/40      EV: 25    Int: 18    God:    Vehumet [**....]
Gold:   217        SH:  0    Dex: 17    Spells: 8/29 levels left

rFire    . . .     SeeInvis +   b - staff of power
rCold    . . .     Gourm    .   (shield currently unavailable)
rNeg     . . .     Faith    .   N - +0 troll leather armour
rPois    .         Spirit   .   (helmet restricted)
rElec    .         Reflect  .   (no cloak)
rCorr    .         Harm     .   (gloves unavailable)
MR       +....                  (boots unavailable)
Stlth    +++.......             M - amulet of magic regeneration
HPRegen  0.55/turn              (no ring)
MPRegen  0.52/turn              H - ring of stealth

@: very quick
A: very small, unfitting armour, see invisible, herbivore, speed 3, slow
metabolism 2
a: Renounce Religion


You were on level 2 of the Lair of Beasts.
You worshipped Vehumet.
Vehumet was pleased with you.
You were hungry.

You visited 2 branches of the dungeon, and saw 12 of its levels.
You also visited: Ossuary.

You collected 697 gold pieces.
You spent 480 gold pieces at shops.

Inventory:

Hand Weapons
 a - a +3 short sword
 d - a +0 dagger
Armour
 I - a +0 buckler
 J - a cursed +0 buckler
 N - a +0 troll leather armour (worn)
Magical Staves
 b - an uncursed staff of power (weapon)
Jewellery
 t - an uncursed ring of fire
 H - a ring of stealth (right hand)
 M - an amulet of magic regeneration (around neck)
Wands
 m - a wand of random effects (37)
 s - a wand of digging (16)
 v - a wand of acid (6)
 F - a wand of paralysis (18)
 G - a wand of iceblast (13)
Scrolls
 e - a scroll of fear {unknown}
 f - 3 scrolls of magic mapping
 g - 8 scrolls of teleportation
 h - 5 scrolls of enchant weapon {unknown}
 j - 14 scrolls of remove curse
 n - 10 scrolls of identify {unknown}
 p - a scroll of immolation {unknown}
 A - a scroll of amnesia {unknown}
 B - a scroll of noise {unknown}
 C - a scroll of fog {unknown}
 E - a scroll of silence {unknown}
Potions
 i - 3 potions of invisibility {unknown}
 k - 9 potions of curing
 l - 2 potions of heal wounds {unknown}
 o - 4 potions of degeneration {unknown}
 q - a potion of magic {unknown}
 r - 3 potions of haste {unknown}
 u - 3 potions of might {unknown}
 w - a potion of berserk rage {unknown}
 x - 4 potions of lignification {unknown}
 y - 5 potions of flight {unknown}
 D - 2 potions of brilliance {unknown}
 K - a potion of agility
 L - a potion of cancellation {unknown}
Comestibles
 c - 11 rations


   Skills:
 + Level 11.1 Dodging
 - Level 3.0 Stealth
 - Level 9.5 Spellcasting
 - Level 8.9 Conjurations
 - Level 6.5 Hexes
 - Level 6.7 Translocations
 - Level 1.9 Evocations


You had 8 spell levels left.
You knew the following spells:

 Your Spells              Type           Power        Failure   Level  Hunger
a - Magic Dart            Conj           ####         1%          1    None
b - Searing Ray           Conj           #####.       1%          2    None
c - Dazzling Spray        Conj/Hex       #####.       1%          3    None
d - Iskenderun's Mystic   Conj           #####...     3%          4    ###....
e - Fulminant Prism       Conj/Hex       #####.....   5%          4    ###....
f - Force Lance           Conj/Tloc      #####...     4%          4    ###....
g - Mephitic Cloud        Conj/Pois/Air  ###.....     12%         3    None

Your spell library contained the following spells:

 Spells                   Type           Power        Failure   Level  Hunger
 Cause Fear               Hex            ####......   9%          4    ###....
 Bolt of Fire             Conj/Fire      ###.......   97%         6    ######.
 Confuse                  Hex            ####....     2%          3    None
 Bolt of Draining         Conj/Necr      ###.......   50%         5    #####..
 Animate Dead             Necr           N/A          78%         4    ###....
 Pain                     Necr           #...         13%         1    None
 Animate Skeleton         Necr           N/A          13%         1    None
 Vampiric Draining        Necr           #.........   36%         3    None
 Dispel Undead            Necr           #.......     98%         5    #####..
 Regeneration             Chrm/Necr      #.........   36%         3    None
 Sublimation of Blood     Necr           #.........   21%         2    None
 Tukima's Dance           Hex            ####....     2%          3    None
 Corpse Rot               Necr           N/A          21%         2    None
 Agony                    Necr           #.......     98%         5    #####..
 Dragon Form              Tmut           #.........   100%        7    #######
 Flame Tongue             Conj/Fire      ###..        1%          1    None
 Ensorcelled Hibernation  Hex/Ice        ###...       4%          2    None
 Corona                   Hex            ####...      1%          1    None
 Excruciating Wounds      Chrm/Necr      #.........   98%         5    #####..
 Dragon's Call            Summ           #.........   100%        9    #######


Dungeon Overview and Level Annotations

Branches:
Dungeon (10/15)            Temple (0/1) D:5            Lair (2/6) D:10
  Swamp: Lair:2-4    Shoals: Lair:2-4     Snake: Lair:2-4    Spider: Lair:2-4
    Orc: D:9-12

Altars:
Ashenzari
Dithmenos
Fedhas
Gozag
Hepliaklqana
Nemelex Xobeh
Okawaru
Qazlal
Trog
Uskayaw
Vehumet
Wu Jian
Xom
Yredelemnul

Shops:
D:6 !   D:10 ?=

Annotations:
D:3 exclusion: oklob plant
D:5 Menkaure


Innate Abilities, Weirdness & Mutations

You are very small and have problems with some larger weapons.
You are too small for most types of armour.
You have supernaturally acute eyesight. (SInv)
You are a herbivore.
You cover ground extremely quickly.
You need to consume almost no food.


Message History

Press: ? - help, Shift-Dir - straight line, f/p - komodo dragon
Aim: a komodo dragon (lightly wounded)
The searing ray hits the komodo dragon.
The komodo dragon is moderately wounded. (Press . to maintain the ray.)
The searing ray hits the komodo dragon.
The komodo dragon is moderately wounded.
The electric eel shoots out a bolt of lightning at you!
The bolt of electricity hits the plant.
The plant appears unharmed.
The bolt of electricity hits the plant.
The bolt of electricity misses you. The komodo dragon bites you!!
The electric eel shoots out a bolt of lightning at you!
The bolt of electricity hits the plant.
The bolt of electricity hits you!
* * * LOW HITPOINT WARNING * * *
The electric eel shoots out a bolt of lightning at you!
The bolt of electricity hits you!
* * * LOW HITPOINT WARNING * * *
The electric eel shoots out a bolt of lightning at you!
The bolt of electricity hits you!
You die...

#....##########.....#######
##...###.#.#####P...###P#.P
##.........................
#..........................
##.........................
#.....###.#..#P####....####
##...## ###..### ##...##
♣...# ####....# #P....#
♣♣♣♣.##≈≈≈.@.## ##....#
≈≈≈P≈≈≈≈...### #...##
≈≈≈≈P≈P≈...#.###....#
≈≈P≈≈P≈.†.............
≈≈≈≈P≈≈≈.l.............
≈≈≈≈≈P≈≈................
≈≈≈P≈≈....#.............
≈≈≈P≈;....###....
≈≈≈≈P≈≈P..# ....


You could see a komodo dragon and an electric eel.

Vanquished Creatures
  A hydra (Lair:1)
  A two-headed ogre (D:9)
  Sonja (D:10)
  Nergalle (Lair:2)
  Pikel (D:8)
  2 spiny frogs
  A komodo dragon (Lair:1)
  A troll (D:10)
  A hornet (D:7)
  2 hell hounds (D:10)
  3 porcupines
  A water moccasin (Lair:1)
  2 sky beasts
  3 orc warriors
  2 ice beasts
  A black bear (D:9)
  2 centaurs
  An ogre (D:9)
  4 crocodiles (Lair:1)
  5 bullfrogs
  A gnoll sergeant (D:6)
  A scorpion (Lair:2)
  2 wights (Ossuary)
  An electric eel (D:9)
  8 crimson imps
  A quasit (D:10)
  2 centaur zombies (D:10)
  3 orc priests
  6 hounds
  2 jellies (D:9)
  6 orc wizards
  Ijyb (D:4)
  4 iguanas
  4 worker ants
  A worker ant zombie (D:10)
  4 gnolls (D:6)
  10 adders
  An adder zombie (Ossuary)
  An adder skeleton (D:4)
  2 worms (D:2)
  3 dart slugs
  6 leopard geckos
  28 orcs
  2 ball pythons
  6 bats
  3 giant cockroaches
  8 goblins
  10 hobgoblins
  8 kobolds
  4 quokkas
  9 frilled lizards
  2 hobgoblin skeletons (Ossuary)
  2 kobold zombies (Ossuary)
  A leopard gecko zombie (D:6)
  3 orc zombies (Ossuary)
  7 rats
199 creatures vanquished.

Vanquished Creatures (others)
  A water moccasin (D:8)
  7 fulminant prisms
  13 toadstools (D:3)
21 creatures vanquished.

Grand Total: 220 creatures vanquished

Notes
Turn   | Place    | Note
-------+----------+-------------------------------------------
     0 | D:1      | royokou the Spriggan Conjurer began the quest for the Orb.
     0 | D:1      | Reached XP level 1. HP: 9/9 MP: 5/5
   679 | D:1      | Reached XP level 2. HP: 13/13 MP: 5/7
   683 | D:1      | Learned a level 2 spell: Searing Ray
  1123 | D:2      | Reached XP level 3. HP: 16/16 MP: 0/8
  1278 | D:2      | Found a shadowy altar of Dithmenos.
  2186 | D:2      | Reached XP level 4. HP: 21/21 MP: 6/10
  2223 | D:2      | Learned a level 3 spell: Dazzling Spray
  2228 | D:2      | Learned a level 4 spell: Iskenderun's Mystic Blast
  2348 | D:3      | Found an ornate altar of the Wu Jian Council.
  2898 | D:3      | Found a blossoming altar of Fedhas.
  2919 | D:3      | Noticed an oklob plant
  3279 | D:3      | Found an opulent altar of Gozag.
  3564 | D:4      | Found a sand-covered staircase.
  3569 | D:4      | Reached XP level 5. HP: 18/24 MP: 7/12
  3579 | Ossuary  | Entered an ossuary
  3890 | Ossuary  | Noticed a flying skull
  3890 | Ossuary  | Noticed a wraith
  3951 | Ossuary  | Noticed a flying skull
  3957 | Ossuary  | Noticed a wraith
  4126 | Ossuary  | Noticed a wraith
  4131 | Ossuary  | Noticed a flying skull
  4235 | D:4      | Found a radiant altar of Vehumet.
  4311 | D:4      | Became a worshipper of Vehumet
  4553 | D:4      | Reached XP level 6. HP: 16/28 MP: 6/14
  4649 | D:4      | Found a basalt altar of Yredelemnul.
  4691 | D:4      | Reached skill level 5 in Spellcasting
  4718 | D:4      | Learned a level 4 spell: Fulminant Prism
  4813 | D:4      | Found a stormy altar of Qazlal.
  4813 | D:4      | Noticed Ijyb
  4831 | D:4      | Killed Ijyb
  4831 | D:4      | Reached skill level 5 in Conjurations
  5407 | D:5      | Entered Level 5 of the Dungeon
  5422 | D:5      | Noticed Menkaure
  5997 | D:5      | Found a hide-covered altar of Uskayaw.
  6415 | D:5      | Reached XP level 7. HP: 32/32 MP: 16/16
  6458 | D:5      | Found a staircase to the Ecumenical Temple.
  6524 | D:5      | Found a bloodstained altar of Trog.
  6599 | D:5      | You fall through a shaft!
  6799 | D:6      | Reached * piety under Vehumet
  6799 | D:6      | Offered knowledge of Flame Tongue by Vehumet.
  6915 | D:6      | Found a hazy altar of Hepliaklqana.
  7287 | D:6      | Found a sparkling altar of Nemelex Xobeh.
  7514 | D:6      | Learned a level 4 spell: Force Lance
  7528 | D:6      | Found Cegomp's Distillery.
  7640 | D:6      | Reached skill level 1 in Translocations
  7640 | D:6      | Reached XP level 8. HP: 36/36 MP: 19/19
  7790 | D:6      | Reached skill level 1 in Hexes
  8560 | D:7      | Reached ** piety under Vehumet
  8560 | D:7      | Offered knowledge of Sandblast by Vehumet.
  8906 | D:8      | Noticed Pikel
  8939 | D:8      | Killed Pikel
  9032 | D:8      | Reached XP level 9. HP: 39/39 MP: 21/21
  9570 | D:8      | Found a shattered altar of Ashenzari.
  9570 | D:8      | Found a shimmering altar of Xom.
  9570 | D:8      | Found an iron altar of Okawaru.
  9775 | D:9      | Reached skill level 5 in Translocations
 10638 | D:9      | Reached skill level 5 in Hexes
 10762 | D:9      | Reached skill level 1 in Evocations
 11060 | D:9      | Noticed a two-headed ogre
 11092 | D:9      | Killed a two-headed ogre
 11233 | D:10     | Entered Level 10 of the Dungeon
 11375 | D:10     | Offered knowledge of Mephitic Cloud by Vehumet.
 11375 | D:10     | Reached XP level 10. HP: 31/44 MP: 24/24
 11402 | D:10     | Learned a level 3 spell: Mephitic Cloud
 11426 | D:10     | Found a staircase to the Lair.
 11523 | D:10     | Found Jaewniy's Magic Scroll Shoppe.
 11642 | D:10     | Found Waqaxor's Jewellery Emporium.
 11649 | D:10     | Bought an uncursed amulet of magic regeneration for 480 gold pieces
 11670 | D:10     | Noticed Sonja
 11758 | D:10     | Killed Sonja
 12027 | Lair:1   | Entered Level 1 of the Lair of Beasts
 12157 | Lair:1   | Noticed a spiny frog
 12273 | Lair:1   | Killed a spiny frog
 12273 | Lair:1   | Reached skill level 5 in Dodging
 12400 | Lair:1   | Reached skill level 6 in Dodging
 12440 | Lair:1   | Reached skill level 7 in Dodging
 12561 | Lair:1   | Reached skill level 8 in Dodging
 12847 | Lair:2   | Noticed a seven-headed hydra
 12929 | Lair:2   | HP: 1/44 [seven-headed hydra (2)]
 13083 | Lair:1   | Killed a seven-headed hydra
 13083 | Lair:1   | Reached skill level 9 in Dodging
 13210 | Lair:2   | Reached skill level 10 in Dodging
 13226 | Lair:2   | Noticed Nergalle
 13241 | Lair:2   | Killed Nergalle
 13374 | Lair:2   | Noticed a spiny frog
 13386 | Lair:2   | Killed a spiny frog
 13386 | Lair:2   | Reached skill level 11 in Dodging
 13386 | Lair:2   | Reached XP level 11. HP: 47/47 MP: 25/25
 13403 | Lair:2   | Killed from afar by an electric eel

Vault maps used:
D:1:      denvon_arrival_planthouse
D:2:      lemuel_crystal_altar
D:3:      nicolae_gozag_cash_rules_everything_around_me,
          overflow_temple_1_default, tgw_fedhas, minmay_strange_pillars
D:4:      marbit_many_paths, kennysheep_little_box, old_standard_altar,
          first_ration, enter_ossuary_1, uniq_ijyb
D:5:      eat_drink_and_be_merry_uskayaw, bloody_trog, minmay_temple_entry_grid,
          kennysheep_generic_room_5, uniq_duvessa, uniq_eustachio, uniq_menkaure
D:6:      lemuel_crystal_altar, serial_shops, nicolae_shop_window_shopping,
          nemelex_spade_bored_becter
D:8:      gammafunk_temple_overflow_forgotten, uniq_pikel
D:9:      grunt_ogre_cave, grunt_ministairs_7
D:10:     minmay_lair_entry_lava, serial_shops, nicolae_shop_statue_plus, shop,
          uniq_sonja
Lair:2:   serial_bayou_shore_a, lemuel_fruit_tree, infiniplex_staircase_pool_2,
          grunt_megastairs_3, serial_bayou_shore_b, serial_bayou_shore_b,
          uniq_nergalle
Ossuary:  ossuary_due_cavern

Skill      XL: |  1  2  3  4  5  6  7  8  9 10 |
---------------+-------------------------------+-----
Conjurations   | 3 4 5 6 7 8 |  8.9
Spellcasting   | 3 4 5 6 7 9 |  9.5
Translocations | 1 4 6 |  6.7
Hexes          | 3 5 6 |  6.5
Evocations     | 1 |  1.9
Dodging        | 11 | 11.1
Stealth        | |  3.0

Action                   |  1- 3 |  4- 6 |  7- 9 | 10-12 || total
-------------------------+-------+-------+-------+-------++-------
Melee: Dagger            |    13 |       |       |       ||    13
       Short sword       |       |    38 |       |       ||    38
       Staff             |       |       |    31 |       ||    31
 Cast: Magic Dart        |    85 |   136 |   269 |    38 ||   528
       Searing Ray       |     8 |    14 |    40 |    27 ||    89
       Fulminant Prism   |       |       |     5 |     2 ||     7
       Iskenderun's Myst |       |       |     3 |    24 ||    27
       Force Lance       |       |       |       |     8 ||     8
  Use: Scroll            |       |     4 |       |       ||     4
 Stab: Sleeping          |       |     9 |     1 |       ||    10
  Eat: Ration            |       |     1 |     3 |     2 ||     6
Armor: Robe              |     2 |     5 |       |       ||     7
       Troll leather arm |       |       |    18 |     9 ||    27
Dodge: Dodged            |    18 |    49 |   109 |    77 ||   253

Table legend:
 A = Spawn XP
 B = Non-spawn XP
 C = Spawn XP percentage of total XP
 D = Spawn monster count
 E = Non-spawn monster count
 F = Spawn count percentage of total count
 G = Total turns spent on level
                    A         B        C        D         E        F      G
               +---------+---------+-------+---------+---------+-------+---------
         Total |       0 |   11257 |   0.0 |       0 |     199 |   0.0 | 13403
               +---------+---------+-------+---------+---------+-------+---------
           D:1 |       0 |      26 |   0.0 |       0 |      13 |   0.0 |  1226
           D:2 |       0 |      86 |   0.0 |       0 |      28 |   0.0 |  1173
           D:3 |       0 |      82 |   0.0 |       0 |      27 |   0.0 |  1165
           D:4 |       0 |     348 |   0.0 |       0 |      14 |   0.0 |  1751
           D:5 |       0 |     157 |   0.0 |       0 |       9 |   0.0 |   944
           D:6 |       0 |     781 |   0.0 |       0 |      26 |   0.0 |  1164
           D:7 |       0 |     637 |   0.0 |       0 |      14 |   0.0 |  1117
           D:8 |       0 |    1061 |   0.0 |       0 |       7 |   0.0 |   808
           D:9 |       0 |    1973 |   0.0 |       0 |      23 |   0.0 |  1312
          D:10 |       0 |    1904 |   0.0 |       0 |      13 |   0.0 |   919
        Lair:1 |       0 |    2643 |   0.0 |       0 |      11 |   0.0 |   986
        Lair:2 |       0 |    1434 |   0.0 |       0 |       4 |   0.0 |   265
       Ossuary |       0 |     125 |   0.0 |       0 |      10 |   0.0 |   573
               +---------+---------+-------+---------+---------+-------+---------
